| TOP OF THE 1ST |
|
Philadelphia Phillies batting - Pitching for Houston Astros : LHP Jesus Rios
|
|
Pitching: LHP Jesus Rios
|
|
|
Batting: RHB Andy Ramirez
|
0-0: Ball 1-0: Ball 2-0: Foul Ball, location: 2F 2-1: Foul Ball, location: 2F 2-2: Ground out 6-3 (Groundball, 6, EV 98.1 MPH)
|
|
Batting: RHB Paul Molitor
|
0-0: Called Strike 0-1: Called Strike 0-2: Foul Ball, location: 2F 0-2: Ball 1-2: Ball 2-2: Foul Ball, location: 2F 2-2: SINGLE (Groundball, 56D, EV 103.8 MPH)
|
|
Batting: LHB Tony Gwynn
|
0-0: Called Strike 0-1: Foul Ball, location: 2F 0-2: Ball 1-2: Foul Ball, location: 2F 1-2: Fielders Choice at 2nd, 5-4 (Groundball, 56S, EV 82.5 MPH)
|
|
Batting: RHB Candy Maldonado
|
0-0: Called Strike Tony Gwynn steals 2nd base 0-1: Ball 1-1: Foul Ball, location: 2F 1-2: Fly out, F7 (Flyball, 7S, EV 96.3 MPH)
|
| Top of the 1st over - 0 runs, 1 hit, 0 errors, 1 left on base; Philadelphia 0 - Houston 0 |
| BOTTOM OF THE 1ST |
|
Houston Astros batting - Pitching for Philadelphia Phillies : LHP Larry McWilliams
|
|
Pitching: LHP Larry McWilliams
|
|
|
Batting: RHB Julio Franco
|
0-0: Called Strike 0-1: Swinging Strike 0-2: SINGLE (Line Drive, 4D, EV 102.5 MPH)
|
|
Batting: RHB John Castino
|
0-0: Ball 1-0: Called Strike 1-1: Ball 2-1: Foul Ball, location: 2F 2-2: Fielders Choice at 2nd, 3-6 (Groundball, 34S, EV 85.0 MPH)
|
|
Batting: RHB Zail Smith
|
0-0: Ball John Castino steals 2nd base 1-0: Fly out, F6 (Flyball, 56D, EV 91.9 MPH)
|
|
Batting: LHB Steve Kemp
|
0-0: Called Strike 0-1: Foul Ball, location: 2F 0-2: Ball 1-2: Strikes out swinging
|
| Bottom of the 1st over - 0 runs, 1 hit, 0 errors, 1 left on base; Philadelphia 0 - Houston 0 |
| TOP OF THE 2ND |
|
Philadelphia Phillies batting - Pitching for Houston Astros : LHP Jesus Rios
|
|
Batting: LHB Ken Phelps
|
0-0: Foul Ball, location: 2F 0-1: Ball 1-1: Ball 2-1: Foul Ball, location: 2F 2-2: SINGLE (Groundball, 3, EV 101.3 MPH)
|
|
Batting: RHB Tony Pena
|
0-0: Ball 1-0: Called Strike 1-1: Swinging Strike 1-2: Ball 2-2: Strikes out swinging
|
|
Batting: LHB Lou Whitaker
|
0-0: Swinging Strike 0-1: Ball 1-1: SINGLE (Groundball, 34D, EV 98.1 MPH) Ken Phelps to second Runner from 2nd tries for 3rd, SAFE, throw by RF made to third Lou Whitaker to second
|
|
Batting: LHB Andy Guerrero
|
0-0: Called Strike 0-1: Swinging Strike 0-2: Ball 1-2: Foul Ball, location: 2F 1-2: Ball 2-2: Ball 3-2: SINGLE (Groundball, 25, EV 66.9 MPH) (infield hit)
|
|
Batting: LHB Larry McWilliams
|
0-0: Fly out, F4 (Popup, 4M, EV 75.6 MPH)
|
|
Batting: RHB Andy Ramirez
|
0-0: Ball 1-0: Reached on error, E3 (Groundball, 34, EV 90.6 MPH) Ken Phelps scores Lou Whitaker to third Andy Guerrero to second
|
|
Batting: RHB Paul Molitor
|
0-0: Called Strike 0-1: Ball 1-1: Fly out, F4 (Popup, 34D, EV 63.1 MPH)
|
| Top of the 2nd over - 1 run, 3 hits, 1 error, 3 left on base; Philadelphia 1 - Houston 0 |
| BOTTOM OF THE 2ND |
|
Houston Astros batting - Pitching for Philadelphia Phillies : LHP Larry McWilliams
|
|
Batting: RHB Dave Valle
|
0-0: Called Strike 0-1: SINGLE (Groundball, 6MD, EV 109.4 MPH)
|
|
Batting: SHB Christopher Clark
|
0-0: Foul Ball, location: 2F 0-1: Called Strike 0-2: Fly out, F4 (Popup, 3D, EV 51.3 MPH)
|
|
Batting: LHB Jerry Narron
|
0-0: Fly out, F7 (Flyball, 7, EV 90.6 MPH)
|
|
Batting: SHB Bill D Doran
|
0-0: Swinging Strike 0-1: Foul Ball, location: 2F 0-2: Fly out, F7 (Flyball, 7D, EV 92.5 MPH)
|
| Bottom of the 2nd over - 0 runs, 1 hit, 0 errors, 1 left on base; Philadelphia 1 - Houston 0 |
| TOP OF THE 3RD |
|
Philadelphia Phillies batting - Pitching for Houston Astros : LHP Jesus Rios
|
|
Batting: LHB Tony Gwynn
|
0-0: SINGLE (Line Drive, 3D, EV 104.4 MPH)
|
|
Batting: RHB Candy Maldonado
|
0-0: Ball Wild Pitch! Tony Gwynn to second 1-0: Ball 2-0: Ball Passed Ball! Tony Gwynn to third 3-0: Called Strike 3-1: SINGLE (Groundball, 6M, EV 90.6 MPH) (infield hit) Tony Gwynn scores
|
|
Batting: LHB Ken Phelps
|
0-0: 2-RUN HOME RUN (Line Drive, 78XD, EV 99.4 MPH), Distance : 414 ft
|
|
Batting: RHB Tony Pena
|
0-0: Fly out, F9 (Flyball, 9LS, EV 93.8 MPH)
|
|
Batting: LHB Lou Whitaker
|
0-0: Foul Ball, location: 2F 0-1: Ball 1-1: Called Strike 1-2: Ball 2-2: Foul Ball, location: 2F 2-2: Foul Ball, location: 2F 2-2: Ground out 3-1 (Groundball, 34, EV 88.1 MPH)
|
|
Batting: LHB Andy Guerrero
|
0-0: Ball 1-0: Foul Ball, location: 2F 1-1: Swinging Strike 1-2: Strikes out looking
|
| Top of the 3rd over - 3 runs, 3 hits, 0 errors, 0 left on base; Philadelphia 4 - Houston 0 |
| BOTTOM OF THE 3RD |
|
Houston Astros batting - Pitching for Philadelphia Phillies : LHP Larry McWilliams
|
|
Batting: LHB Jesus Rios
|
0-0: Ball 1-0: Foul Ball, location: 2F 1-1: Swinging Strike 1-2: Ball 2-2: Ball 3-2: Strikes out looking
|
|
Batting: RHB Julio Franco
|
0-0: Foul Ball, location: 2F 0-1: Swinging Strike 0-2: Foul Ball, location: 2F 0-2: Strikes out swinging
|
|
Batting: RHB John Castino
|
0-0: Ball 1-0: Ground out 6-3 (Groundball, 6, EV 82.5 MPH)
|
| Bottom of the 3rd over - 0 runs, 0 hits, 0 errors, 0 left on base; Philadelphia 4 - Houston 0 |
| TOP OF THE 4TH |
|
Philadelphia Phillies batting - Pitching for Houston Astros : LHP Jesus Rios
|
|
Batting: LHB Larry McWilliams
|
0-0: Ball 1-0: Called Strike 1-1: Ball 2-1: Fly out, F6 (Popup, 6MD, EV 49.4 MPH)
|
|
Batting: RHB Andy Ramirez
|
0-0: Ball 1-0: Swinging Strike 1-1: TRIPLE (Groundball, 5L, EV 100.6 MPH)
|
|
Batting: RHB Paul Molitor
|
0-0: Foul Ball, location: 2F 0-1: Foul Ball, location: 2F 0-2: Ball 1-2: Ball 2-2: Ball 3-2: Strikes out swinging
|
|
Batting: LHB Tony Gwynn
|
0-0: Foul Ball, location: 2F 0-1: Swinging Strike 0-2: Fly out, F3 (Popup, 3SF, EV 85.0 MPH)
|
| Top of the 4th over - 0 runs, 1 hit, 0 errors, 1 left on base; Philadelphia 4 - Houston 0 |
| BOTTOM OF THE 4TH |
|
Houston Astros batting - Pitching for Philadelphia Phillies : LHP Larry McWilliams
|
|
Batting: RHB Zail Smith
|
0-0: Ball 1-0: Called Strike 1-1: Ground out 5-3 (Groundball, 56, EV 85.0 MPH)
|
|
Batting: LHB Steve Kemp
|
0-0: Foul Ball, location: 2F 0-1: Ball 1-1: Ball 2-1: Foul Ball, location: 2F 2-2: DOUBLE (Groundball, 3L, EV 104.4 MPH)
|
|
Batting: RHB Dave Valle
|
0-0: Ball 1-0: Fly out, F3 (Popup, 23F, EV 92.5 MPH)
|
|
Batting: SHB Christopher Clark
|
0-0: Called Strike 0-1: Called Strike 0-2: Strikes out swinging
|
| Bottom of the 4th over - 0 runs, 1 hit, 0 errors, 1 left on base; Philadelphia 4 - Houston 0 |
| TOP OF THE 5TH |
|
Philadelphia Phillies batting - Pitching for Houston Astros : LHP Jesus Rios
|
|
Batting: RHB Candy Maldonado
|
0-0: Ground out 6-3 (Groundball, 6, EV 88.8 MPH)
|
|
Batting: LHB Ken Phelps
|
0-0: Ball 1-0: Ball 2-0: Ball 3-0: Called Strike 3-1: Foul Ball, location: 2F 3-2: Foul Ball, location: 2F 3-2: Fly out, F8 (Flyball, 78D, EV 96.9 MPH)
|
|
Batting: RHB Tony Pena
|
0-0: Called Strike 0-1: Ball 1-1: SINGLE (Line Drive, 6D, EV 104.4 MPH)
|
|
Batting: LHB Lou Whitaker
|
0-0: Ball 1-0: Called Strike 1-1: Foul Ball, location: 2F 1-2: Foul Ball, location: 2F 1-2: Ground out 5-3 (Groundball, 56S, EV 73.8 MPH)
|
| Top of the 5th over - 0 runs, 1 hit, 0 errors, 1 left on base; Philadelphia 4 - Houston 0 |
| BOTTOM OF THE 5TH |
|
Houston Astros batting - Pitching for Philadelphia Phillies : LHP Larry McWilliams
|
|
Batting: LHB Jerry Narron
|
0-0: Called Strike 0-1: Ball 1-1: Swinging Strike 1-2: Ball 2-2: Ball 3-2: Ground out 6-3 (Groundball, 6M, EV 105.6 MPH)
|
|
Batting: SHB Bill D Doran
|
0-0: Ball 1-0: Foul Ball, location: 2F 1-1: Ball 2-1: Foul Ball, location: 2F 2-2: Ball 3-2: Base on Balls
|
|
Batting: LHB Jesus Rios
|
0-0: Called Strike 0-1: Ball 1-1: Sac Bunt to P - play at first, batter OUT! 1-4 Bill D Doran to second
|
|
Batting: RHB Julio Franco
|
0-0: SINGLE (Line Drive, 78M, EV 105.6 MPH) Bill D Doran to third Runner from 3rd tries for Home, SAFE, throw by CF to home
|
|
Batting: RHB John Castino
|
0-0: Called Strike 0-1: Ball 1-1: Swinging Strike 1-2: Ball 2-2: Fly out, F8 (Flyball, 78XD, EV 100.0 MPH)
|
| Bottom of the 5th over - 1 run, 1 hit, 0 errors, 1 left on base; Philadelphia 4 - Houston 1 |
| TOP OF THE 6TH |
|
Philadelphia Phillies batting - Pitching for Houston Astros : LHP Jesus Rios
|
|
Batting: LHB Andy Guerrero
|
0-0: Called Strike 0-1: Ball 1-1: Ball 2-1: Swinging Strike 2-2: Ground out 4-3 (Groundball, 4, EV 98.8 MPH)
|
|
Batting: LHB Larry McWilliams
|
0-0: Ball 1-0: Called Strike 1-1: Called Strike 1-2: Foul Ball, location: 2F 1-2: Foul Ball, location: 2F 1-2: Ball 2-2: Foul Ball, location: 2F 2-2: Fly out, F5 (Popup, 56, EV 83.1 MPH)
|
|
Batting: RHB Andy Ramirez
|
0-0: Ground out 6-3 (Groundball, 6, EV 101.3 MPH)
|
| Top of the 6th over - 0 runs, 0 hits, 0 errors, 0 left on base; Philadelphia 4 - Houston 1 |
| BOTTOM OF THE 6TH |
|
Houston Astros batting - Pitching for Philadelphia Phillies : LHP Larry McWilliams
|
|
Batting: RHB Zail Smith
|
0-0: Ball 1-0: Foul Ball, location: 2F 1-1: Ball 2-1: Foul Ball, location: 2F 2-2: Ground out 6-3 (Groundball, 6, EV 86.9 MPH)
|
|
Batting: LHB Steve Kemp
|
0-0: DOUBLE (Flyball, 89D, EV 105.6 MPH)
|
|
Batting: RHB Dave Valle
|
0-0: Ball 1-0: Called Strike 1-1: Called Strike 1-2: Ball 2-2: Foul Ball, location: 2F 2-2: Reached on error, E4 (Popup, 34D, EV 53.1 MPH) Steve Kemp to third
|
|
Batting: SHB Christopher Clark
|
0-0: Called Strike 0-1: Ball 1-1: Ball 2-1: Ball 3-1: Swinging Strike 3-2: SINGLE (Line Drive, 8LS, EV 106.9 MPH) Steve Kemp scores Dave Valle to second
|
|
Batting: LHB Jerry Narron
|
0-0: Swinging Strike 0-1: Ball 1-1: Swinging Strike 1-2: Ball 2-2: Ball 3-2: Strikes out looking Christopher Clark is caught stealing 2nd base 2-6 Dave Valle steals 3rd base Batter strikes out.
|
| Bottom of the 6th over - 1 run, 2 hits, 1 error, 1 left on base; Philadelphia 4 - Houston 2 |
| TOP OF THE 7TH |
|
Philadelphia Phillies batting - Pitching for Houston Astros : LHP Jesus Rios
|
|
Batting: RHB Paul Molitor
|
0-0: Swinging Strike 0-1: Ball 1-1: Foul Ball, location: 2F 1-2: Strikes out swinging
|
|
Pitching: LHP Terry Forster
|
|
|
Batting: LHB Tony Gwynn
|
0-0: Foul Ball, location: 2F 0-1: Ball 1-1: Fly out, F8 (Flyball, 8LXD, EV 108.1 MPH)
|
|
Batting: RHB Candy Maldonado
|
0-0: Ball 1-0: SOLO HOME RUN (Flyball, 78XD, EV 95.0 MPH), Distance : 399 ft
|
|
Batting: LHB Ken Phelps
|
0-0: Ball 1-0: Swinging Strike 1-1: Foul Ball, location: 2F 1-2: Ball 2-2: Ball 3-2: Fly out, F8 (Flyball, 8LXD, EV 82.5 MPH)
|
| Top of the 7th over - 1 run, 1 hit, 0 errors, 0 left on base; Philadelphia 5 - Houston 2 |
| BOTTOM OF THE 7TH |
|
Houston Astros batting - Pitching for Philadelphia Phillies : LHP Larry McWilliams
|
|
Batting: SHB Bill D Doran
|
0-0: Ball 1-0: SINGLE (Groundball, 56, EV 109.4 MPH) (infield hit)
|
|
Pinch Hitting: LHB George Vukovich
|
0-0: Ball 1-0: Foul Ball, location: 2F 1-1: Ball 2-1: Swinging Strike 2-2: Foul Ball, location: 2F 2-2: Strikes out swinging
|
|
Batting: RHB Julio Franco
|
0-0: Foul Ball, location: 2F 0-1: Fly out, F8 (Flyball, 89D, EV 90.6 MPH)
|
|
Batting: RHB John Castino
|
0-0: Ball 1-0: Foul Ball, location: 2F 1-1: Ball 2-1: Swinging Strike 2-2: Ball 3-2: Strikes out looking
|
| Bottom of the 7th over - 0 runs, 1 hit, 0 errors, 1 left on base; Philadelphia 5 - Houston 2 |
| TOP OF THE 8TH |
|
Philadelphia Phillies batting - Pitching for Houston Astros : LHP Terry Forster
|
|
Pitching: RHP Ramon Molina
|
|
|
Batting: RHB Tony Pena
|
0-0: Called Strike 0-1: Fly out, F8 (Flyball, 8LXD, EV 107.5 MPH)
|
|
Batting: LHB Lou Whitaker
|
0-0: Foul Ball, location: 2F 0-1: Ground out 6-3 (Groundball, 6, EV 87.5 MPH)
|
|
Batting: LHB Andy Guerrero
|
0-0: Swinging Strike 0-1: Called Strike 0-2: Foul Ball, location: 2F 0-2: Ball 1-2: Foul Ball, location: 2F 1-2: Strikes out swinging
|
| Top of the 8th over - 0 runs, 0 hits, 0 errors, 0 left on base; Philadelphia 5 - Houston 2 |
| BOTTOM OF THE 8TH |
|
Houston Astros batting - Pitching for Philadelphia Phillies : LHP Larry McWilliams
|
|
Batting: RHB Zail Smith
|
0-0: Called Strike 0-1: Foul Ball, location: 2F 0-2: Ball 1-2: Ball 2-2: Fly out, F4 (Popup, 4M, EV 51.9 MPH)
|
|
Batting: LHB Steve Kemp
|
0-0: Called Strike 0-1: Ball 1-1: Ball 2-1: Foul Ball, location: 2F 2-2: Ball 3-2: Foul Ball, location: 2F 3-2: Ground out 4-3 (Groundball, 4, EV 91.3 MPH)
|
|
Batting: RHB Dave Valle
|
0-0: Ball 1-0: Ball 2-0: Fly out, F8 (Flyball, 8LD, EV 95.0 MPH)
|
| Bottom of the 8th over - 0 runs, 0 hits, 0 errors, 0 left on base; Philadelphia 5 - Houston 2 |
| TOP OF THE 9TH |
|
Philadelphia Phillies batting - Pitching for Houston Astros : RHP Ramon Molina
|
|
Pinch Hitting: LHB Terry Bogener
|
0-0: Ball 1-0: Ball 2-0: Ball 3-0: Swinging Strike 3-1: SINGLE (Groundball, P, EV 88.8 MPH) (infield hit)
|
|
Batting: RHB Andy Ramirez
|
0-0: Ball 1-0: Sac Bunt to 13S - play at first, batter OUT! 1-4 Terry Bogener to second
|
|
Batting: RHB Paul Molitor
|
0-0: Called Strike 0-1: Ball 1-1: Fly out, F9 (Flyball, 9, EV 95.0 MPH)
|
|
Batting: LHB Tony Gwynn
|
0-0: Called Strike 0-1: Ball 1-1: Ground out 4-3 (Groundball, 4, EV 84.4 MPH)
|
| Top of the 9th over - 0 runs, 1 hit, 0 errors, 1 left on base; Philadelphia 5 - Houston 2 |
| BOTTOM OF THE 9TH |
|
Houston Astros batting - Pitching for Philadelphia Phillies : LHP Larry McWilliams
|
|
Pitching: RHP Tom Hume
|
|
|
Batting: SHB Christopher Clark
|
0-0: SINGLE (Line Drive, 7S, EV 100.6 MPH)
|
|
Batting: LHB Jerry Narron
|
0-0: Foul Ball, location: 2F 0-1: Ball 1-1: Swinging Strike 1-2: Ball 2-2: Strikes out swinging
|
|
Batting: SHB Bill D Doran
|
0-0: Called Strike 0-1: Foul Ball, location: 2F 0-2: Strikes out swinging
|
|
Pinch Hitting: LHB Jose Cruz
|
0-0: Ball 1-0: Ball 2-0: Ball 3-0: Base on Balls Christopher Clark to second
|
|
Batting: RHB Julio Franco
|
0-0: Called Strike 0-1: SINGLE (Line Drive, 8LS, EV 99.4 MPH) Christopher Clark to third Jose Cruz to second
|
|
Batting: RHB John Castino
|
0-0: Ball 1-0: Called Strike 1-1: Ball 2-1: Foul Ball, location: 2F 2-2: Foul Ball, location: 2F 2-2: Fielders Choice at 2nd, 6-4 (Groundball, 6, EV 81.9 MPH)
|
| Bottom of the 9th over - 0 runs, 2 hits, 0 errors, 3 left on base; Philadelphia 5 - Houston 2 |
|